 Dungeon Crawl Stone Soup version 0.30-a0-618-gd6c86c23d0 (webtiles) character file.

Game seed: 18123378910355015425

4 drugrobin the Sneak (level 1, -12/18 HPs)
             Began as a Demigod Delver on Jan 10, 2023.
             Killed from afar by Blork the orc (13 damage)
             ... with a puff of frost
             ... on level 4 of the Dungeon.
             The game lasted 00:00:41 (97 turns).

drugrobin the Sneak (Demigod Delver)                  Turns: 97, Time: 00:00:42

Health: -12/18     AC:  3    Str: 13    XL:     1   Next: 40%
Magic:  3/3        EV: 11    Int: 12    God:
Gold:   0          SH:  0    Dex: 15    Spells: 0/0 levels left

rFire   . . .      SeeInvis .      - Unarmed
rCold   . . .      Faith    .    (no shield)
rNeg    . . .      Spirit   .    a - +0 leather armour
rPois   .          Reflect  .    (no helmet)
rElec   .          Harm     .    (no cloak)
rCorr   .          Rampage  .    (no gloves)
Will    .....                    (no boots)
Stlth   +++                      (no amulet)
HPRegen 0.23/turn                (no ring)
MPRegen 0.08/turn                (no ring)

@: hasted, very quick
A: high MP 1, forlorn, divine attributes
a: no special abilities


You were on level 4 of the Dungeon.
You visited 1 branch of the dungeon, and saw 2 of its levels.

Inventory:

Armour
 a - a +0 leather armour (worn)
Wands
 f - a wand of digging (3)


   Skills:
 - Level 2.6 Fighting
 - Level 1.7 Dodging
 - Level 4.5 Stealth
 + Level 2.1 Unarmed Combat


You couldn't memorise any spells.
You didn't know any spells.
Your spell library was empty.

Dungeon Overview and Level Annotations

Branches:
Dungeon (5/15)
 Temple: D:4-7

Annotations:
D:4 Blork the orc


Innate Abilities, Weirdness & Mutations

You have an increased reservoir of magic. (+10% MP)
You shall have no god before yourself.
Your divine heritage dramatically boosts your attributes as you level up.


Message History

As you read the scroll of fear, it crumbles to dust.
You assume a fearsome visage.
Blork the orc resists with some effort.
The orc priest looks frightened!
The iguana looks frightened!
The endoplasm looks frightened!
The goblin looks frightened!
The jackal looks frightened! x2
You hear a shout! x2
Unknown command.
Unknown command.
As you read the scroll of fog, it crumbles to dust.
The scroll dissolves into smoke.
Attack: -) Nothing wielded
Press: ? - help, Dir - move target, f - you
Okay, then.
Unknown command.
As you read the scroll of magic mapping, it crumbles to dust.
You feel aware of your surroundings.
You sensed 1 shop/portal.
Cornered, the jackal turns to fight!
Unknown command.
Unknown command.
Unknown command.
Unknown command.
Unknown command.
Unknown command.
You feel yourself speed up.
Unknown command.
Unknown command.
Unknown command.
Unknown command.
Blork the orc hits you with a +2 halberd of protection.
* * * LOW HITPOINT WARNING * * *
Unknown command.
Unknown command.
Unknown command.
Unknown command.
Unknown command.
Unknown command.
Blork the orc points at you and mumbles some strange words.
The puff of frost hits you!
Ouch! That really hurt!
You die...

*,* *,* ***, *** *,* **,* *, ,,*
*,* *,,* *, ,,* *,* *,** *, ,,*
*,* **,* *, ,,*
*,*****###**,,*******, ,,****
*,,,§§§§.J,,,,,,<,,,,, ©,,,,*
***##§§§.,,,,**,****** ...#.*
#####h@#********,* ...#.#
#§§§§o##****** *,* ...#.#
##w####§....,,***,* .....#
##§##,,,,,o..,,+,*,*
,,...####..#*,,,,,,,.,,*,*,******
,,,#.#....##,*,,,,,,,,,*,*,,,,,,,
,,,#...#...#,,*,,,,,,,,*,********
,,,#..##...#,,,*,,********
,,,#..##...#*,,,***********


You could see Blork the orc and a jackal.

Vanquished Creatures
  A hobgoblin (D:4)
  2 jackals (D:5)
3 creatures vanquished.

Notes
Turn   | Place    | Note
-------+----------+-------------------------------------------
     0 | D:5      | drugrobin the Demigod Delver began the quest for the Orb.
     0 | D:5      | Reached XP level 1. HP: 18/18 MP: 3/3
    68 | D:5      | Noticed a yak
    68 | D:5      | Noticed a yak
    68 | D:5      | Noticed a yak
    74 | D:5      | Noticed a water moccasin
    77 | D:4      | Noticed an iguana
    90 | D:4      | Noticed an orc priest
    91 | D:4      | Noticed Blork the orc
    97 | D:4      | Killed from afar by Blork the orc

Illustrated notes

Levels and vault maps discovered:
D:4:      layout_basic, gammafunk_ghost_abyssal_escape,
          hangedman_decor_slide_cut, uniq_blork_the_orc, uniq_robin
D:5:      layout_basic, nicolae_overflow_crystal_walls, hangedman_glass_teeth,
          uniq_grinder

Skill      XL: |  1 |
---------------+----+-----
Unarmed Combat | 2 |  2.1
Fighting       | |  2.6
Dodging        | |  1.7
Stealth        | |  4.5

Action                   || total
-------------------------++-------
Melee: Unarmed           ||    17
       Punch             ||     1
  Use: Scroll            ||     3
       Potion            ||     1
Armor: Leather armour    ||     9
Dodge: Dodged            ||    25

Table legend: (Time is in decaauts)
 A = Elapsed time spent in this place.
 B = Non-inter-level travel time spent in this place.
 C = Inter-level travel time spent in this place.
 D = Time resting spent in this place.
 E = Time spent auto-exploring this place.
 F = Levels seen in this place.
 G = Mean time per level.
                   A        B        C        D        E       F      G
               +--------+--------+--------+--------+--------+-----+--------+
         Total |     96 |     96 |      0 |     35 |      1 |   2 |   48.0 |
       Dungeon |     96 |     96 |      0 |     35 |      1 |   2 |   48.0 |
               +--------+--------+--------+--------+--------+-----+--------+

Top non-repeatable levels by time:
     D:5: 74 daAuts
     D:4: 22 daAuts
